 Dungeon Crawl Stone Soup version 0.29.1-15-g9cfb28693d (webtiles) character file.

Game seed: 7148505864379782990

173 croobank the Sneak (level 5, -4/37 HPs)
             Began as an Octopode Delver on Apr 28, 2023.
             Slain by a gnoll
             ... wielding a +1 vampiric halberd
              (8 damage)
             ... on level 3 of the Dungeon.
             The game lasted 00:04:34 (998 turns).

croobank the Sneak (Octopode Delver)                 Turns: 998, Time: 00:04:35

Health: -4/37      AC:  1    Str: 11    XL:     5   Next: 53%
Magic:  5/5        EV: 14    Int: 14    God:
Gold:   36         SH:  0    Dex: 14    Spells: 4/4 levels left

rFire   . . .      SeeInvis .   a - +0 hand axe
rCold   . . .      Faith    .   (no shield)
rNeg    . . .      Spirit   .   (helmet restricted)
rPois   .          Reflect  .   (no amulet)
rElec   .          Harm     .   (no ring)
rCorr   .          Rampage  .   (no ring)
Will    .....                   (no ring)
Stlth   +++++.....              (no ring)
HPRegen 0.12/turn               (no ring)
MPRegen 0.09/turn               (no ring)
                                (no ring)
                                (no ring)

@: brilliant, weak-willed
A: almost no armour, amphibious, 8 rings, camouflage 1, gelatinous body 1,
(nimble swimmer 1), tentacles
a: no special abilities


You were on level 3 of the Dungeon.
You visited 1 branch of the dungeon, and saw 4 of its levels.

You collected 36 gold pieces.

Inventory:

Hand Weapons
 a - a +0 hand axe (weapon)
 e - a +0 falchion
 h - a +0 spear
Wands
 f - a wand of digging (3)
 g - a wand of flame (14)
Scrolls
 b - a scroll of fog
 c - a scroll of magic mapping


   Skills:
 + Level 3.9 Fighting
 + Level 3.2 Axes
 + Level 3.2 Dodging
 + Level 7.6 Stealth


You had 4 spell levels left.
You didn't know any spells.
Your spell library contained the following spells:

 Spells                   Type           Power      Damage    Failure   Level
 Apportation              Tloc           0%         N/A       28%         1
 Alistair's Intoxication  Tmut/Pois      0%         N/A       100%        5


Dungeon Overview and Level Annotations

Branches:
Dungeon (6/15)
 Temple: D:4-7

Altars:

Shops:
D:4 (

Annotations:
D:4 3 runed translucent doors, Eustachio; Jase's ghost, amateur OpTm; hawla's ghost, amateur MeFE


Innate Abilities, Weirdness & Mutations

You cannot wear most types of armour.
You are amphibious.
You can wear up to eight rings at the same time.
Your skin changes colour to match your surroundings (Stealth+).
Your rubbery body absorbs attacks. (AC +1, EV +1)
((You are camouflaged when in or above water. (Stealth+)))
You have tentacles for arms and can constrict up to eight enemies at once.


Message History

The giant cockroach attacks as you move away!
The giant cockroach bites you. The giant cockroach misses you.
You open the door.
A gnoll comes into view. It is wielding a +0 club.
The giant cockroach misses you.
A gnoll sergeant comes into view. It is wielding a +0 spear.
There is an open door here.
You hit the giant cockroach. You grab the giant cockroach.
You squeeze the giant cockroach.
You kill the giant cockroach!
The dart slug bites you.
You close the door.
The dart slug closely misses you.
The gnoll hits you from afar with a +1 vampiric halberd!
The goblin misses you.
As you read the scroll labelled JILYIFFOEW, it crumbles to dust.
Magic quickly surges around you.
It was a scroll of vulnerability.
The gnoll misses you. The goblin completely misses you.
The dart slug misses you.
It was a potion of brilliance.
You feel clever all of a sudden. The goblin barely misses you.
The gnoll barely misses you.
You slash the dart slug!
You kill the dart slug!
You barely miss the goblin. The goblin hits you with a +0 dagger.
The gnoll hits you from afar with a +1 vampiric halberd!
* * * LOW HITPOINT WARNING * * *
The goblin closely misses you. The gnoll barely misses you.
Okay, then.
You hit the gnoll. You grab the gnoll.
The gnoll is heavily wounded.
You hit the goblin.
You kill the goblin!
You constrict the gnoll. The gnoll completely misses you.
You aren't carrying any potions.
You hit the gnoll but do no damage.
The gnoll is heavily wounded.
You constrict the gnoll.
The gnoll hits you with a +1 vampiric halberd!
You die...

######......##.#.###
............#.......
........>.........
................$####.
........####...#......
........#####.........
......................
######..g..........#..
#)@...........#
#.#####.......# #+#
#....####
#...............#
+...............#
#.............##.
#.......g.....
#.............
#.............


You could see a gnoll (weak-willed).

Vanquished Creatures
  Menkaure (D:4)
  An iguana (D:4)
  An adder (D:5)
  An ufetubus (D:4)
  A dart slug (D:3)
  An orc (D:4)
  A giant cockroach (D:3)
  3 goblins
  3 ball pythons (D:4)
13 creatures vanquished.

Vanquished Creatures (others)
  4 withered plants (D:4)
4 creatures vanquished.

Grand Total: 17 creatures vanquished

Notes
Turn   | Place    | Note
-------+----------+-------------------------------------------
     0 | D:5      | croobank the Octopode Delver began the quest for the Orb.
     0 | D:5      | Reached XP level 1. HP: 16/16 MP: 1/1
     1 | D:6      | Noticed a phantom
    20 | D:5      | Noticed a jelly
    53 | D:5      | Noticed a killer bee
    82 | D:5      | Reached XP level 2. HP: 13/21 MP: 2/2
    89 | D:5      | Noticed an ogre
    94 | D:4      | Noticed a lemure
   300 | D:4      | Noticed Eustachio
   323 | D:4      | Noticed a centaur
   361 | D:4      | Noticed a lemure
   377 | D:4      | Noticed a crimson imp
   384 | D:4      | Noticed Menkaure
   393 | D:4      | Killed Menkaure
   394 | D:4      | Reached skill level 7 in Stealth
   394 | D:4      | Reached XP level 3. HP: 15/27 MP: 3/3
   394 | D:4      | Reached XP level 4. HP: 19/33 MP: 4/4
   394 | D:4      | Reached XP level 5. HP: 21/37 MP: 5/5
   553 | D:4      | Found Gecut's Weapon Shop.
   560 | D:4      | Found a runed translucent gate.
   571 | D:4      | Found a runed translucent gate.
   571 | D:4      | Found a runed translucent gate.
   571 | D:4      | Noticed hawla's ghost (amateur MeFE)
   571 | D:4      | Noticed hawla's ghost (amateur MeFE)
   571 | D:4      | Noticed Jase's ghost (amateur OpTm)
   998 | D:3      | Slain by a gnoll

Illustrated notes

Levels and vault maps discovered:
D:3:      layout_basic, uniq_natasha
D:4:      layout_rooms, serial_shops, shop, gammafunk_ghost_cemetery,
          uniq_menkaure, uniq_eustachio, uniq_grinder, uniq_pikel
D:5:      layout_loops_cross, lemuel_crystal_altar, minmay_temple_entry_poolview
D:6:      layout_loops_ring, portal_sewer_entry_a, gammafunk_ghost_hive,
          serial_shops, shop_statue, minmay_misc_feat_nine_boxes,
          kennysheep_dice, uniq_maggie, uniq_sigmund

Skill      XL: |  1  2 |
---------------+-------+-----
Axes           | 3 |  3.2
Dodging        | 3 |  3.2
Stealth        | 7 |  7.6
Fighting       | |  3.9

Action                   |  1- 3 |  4- 6 || total
-------------------------+-------+-------++-------
Melee: Hand axe          |    15 |    17 ||    32
       Constrict         |     3 |     6 ||     9
       Tentacles         |     2 |     4 ||     6
  Use: Scroll            |     3 |     1 ||     4
       Potion            |       |     3 ||     3
 Stab: Sleeping          |     3 |     4 ||     7
Armor: Skin              |       |     1 ||     1
Dodge: Dodged            |    14 |    29 ||    43
